AoeStats
← Gjallarhorn

Arabia

504184711Analyzed
1v1 RM · 27d ago on Sep 4, 2026· 27m 35s· 2 players
Game mode
Random Map
Map size
Tiny (2 player)
Population
200
Speed
Normal
Resources
Standard
Victory
Conquest
Starting age
Dark Age
Ending age
Imperial Age
RankedLock teamsTeams togetherTeam positionsShared explorationLock speedFull tech treeHidden civsTurbo modeCheats
Victory
Defeat
🇩🇪 Franks · Germany
706
+18
🇬🇧 Franks · United Kingdom
752
-18
topdps
7:46 Loom
9:58 Feudal Age
10:36 Double-Bit Axe
Gjallarhorn
6:28 Loom
10:33 Feudal Age
11:50 Double-Bit Axe
21:59 Castle Age
22:26 Gold Mining
22:47 Scale Mail Armor
23:31 Scale Barding Armor
24:04 Bow Saw
24:11 Husbandry
25:17 Wheelbarrow
27:08 Chain Barding Armor
27:57 Hand Cart
27:28 Town Watch
Connection lost

Rejoining the realm…

Still unreachable

The connection could not be restored.

Session expired

The server has moved on; the page needs a fresh start.